 Dungeon Crawl Stone Soup version 0.21-a0-401-g0b6bec4 (webtiles) character file.

8100 kkknotok the Grappler (level 11, -1/98 HPs)
             Began as a Troll Berserker on Oct 24, 2017.
             Was a High Priest of Trog.
             Killed from afar by an electric eel (12 damage)
             ... with a bolt of electricity
             ... on level 9 of the Dungeon.
             The game lasted 01:46:42 (9362 turns).

kkknotok the Grappler (Troll Berserker)             Turns: 9362, Time: 01:46:43

Health: -1/98      AC:  7    Str: 30    XL:     11   Next: 5%
Magic:  10/10      EV: 12    Int:  3    God:    Trog [*****.]
Gold:   372        SH:  0    Dex:  9    Spells: 10/10 levels left

rFire    + + .     SeeInvis .     - Unarmed
rCold    + . .     Gourm    +   (no shield)
rNeg     . . .     Faith    .   Z - +2 robe {rC+ rF+}
rPois    .         Spirit   .   (helmet restricted)
rElec    .         Reflect  .   (no cloak)
rCorr    .         Harm     .   (gloves unavailable)
MR       .....                  (boots unavailable)
Stlth    +.........             (no amulet)
HPRegen  0.66/turn              I - ring of protection from fire
MPRegen  0.12/turn              (no ring)

@: berserk cooldown, slowed, very slow
A: unfitting armour, claws 3, fast metabolism 3, gourmand, regeneration 1,
shaggy fur 1, tough skin 2
a: Berserk, Trog's Hand, Brothers in Arms, Burn Spellbooks, Renounce Religion


You were on level 9 of the Dungeon.
You worshipped Trog.
Trog was extremely pleased with you.
You were full.

You visited 1 branch of the dungeon, and saw 9 of its levels.

You collected 372 gold pieces.

Inventory:

Hand Weapons
 d - a +0 mace of draining
 o - a +0 flail of venom
 q - a +1 mace of protection
 r - a +0 mace of crushing
 F - the +3 mace "Plog" {venom, Dex+5, unknown}
   (You found it on level 6 of the Dungeon)

   It poisons the flesh of those it strikes.
   It affects your dexterity (+5).
 L - a +0 flail
 T - a +0 quarterstaff of speed
 Y - a +1 whip of freezing
Missiles
 c - 208 arrows
 k - 174 stones (quivered)
 H - 10 poisoned tomahawks
Armour
 a - a +0 animal skin
 t - a +2 cloak of magic resistance
 Q - a +1 robe of positive energy
 W - a +0 pair of gloves
 X - a +2 leather armour of magic resistance
 Z - a +2 robe of resistance (worn)
Jewellery
 E - a cursed ring of teleportation {unknown}
 I - a ring of protection from fire (left claw)
Wands
 A - a wand of disintegration (20/24)
 M - a wand of paralysis (8/24)
 R - a wand of iceblast (6/15)
Scrolls
 b - 7 scrolls of identify {unknown}
 i - 4 scrolls of remove curse {uii, unknown}
 l - a scroll of blinking {unknown}
 n - a scroll of noise {unknown}
 p - 4 scrolls of enchant armour {unknown}
 w - a scroll of enchant weapon {unknown}
 x - 3 scrolls of amnesia {unknown}
 G - 5 scrolls of magic mapping {unknown}
 N - a scroll of summoning {unknown}
 P - 2 scrolls of immolation {unknown}
 S - a scroll of fear {unknown}
 V - a scroll of teleportation
Potions
 e - a potion of flight {unknown}
 f - a potion of lignification {unknown}
 g - 2 potions of agility {unknown}
 h - 3 potions of heal wounds {unknown}
 j - a potion of haste {unknown}
 u - 3 potions of curing
 y - a potion of mutation {unknown}
 K - 4 potions of brilliance {unknown}
 U - a potion of magic {unknown}
Books
 C - a book of Maledictions

   Spells                             Type                      Level
   a - Corona                         Hexes                        1
   b - Ensorcelled Hibernation        Hexes/Ice                    2
   c - Confuse                        Hexes                        3
   d - Tukima's Dance                 Hexes                        3
   e - Dazzling Spray                 Conjuration/Hexes            3
   Trog disapproves of the use of such an item.
Comestibles
 v - 3 meat rations
 z - 5 fruits
 B - 7 royal jellies
 O - 5 bread rations


   Skills:
 + Level 3.8 Fighting
 * Level 6.7 Dodging
 * Level 14.5 Unarmed Combat


You had 10 spell levels left.
You didn't know any spells.

Dungeon Overview and Level Annotations

Branches:
Dungeon (10/15)            Temple (0/1) D:7
   Lair: D:8-11         Orc: D:9-12

Altars:
Ashenzari
Dithmenos
Fedhas
Hepliaklqana
Nemelex Xobeh
Okawaru
Uskayaw
Wu Jian
Xom
Yredelemnul


Innate Abilities, Weirdness & Mutations

You are too large for most types of armour.
You have claws for hands.
Your metabolism is lightning-fast.
You like to eat raw meat.
Your natural rate of healing is unusually fast.
You are covered in fur. (AC +1)
You have very tough skin. (AC +2)


Message History

The bolt of electricity hits the plant.
The plant is destroyed!
The bolt of electricity hits you!
* * * LOW HITPOINT WARNING * * *
The electric eel shoots out a bolt of lightning at you!
The bolt of electricity misses you.
You see here a purple potion.
You are too berserk!
You feel your anger nearly subside.
You are no longer berserk.
You are exhausted.
You feel yourself slow down.
The electric eel shoots out a bolt of lightning at you!
The bolt of electricity hits the plant.
The bolt of electricity hits you!
* * * LOW HITPOINT WARNING * * *
The electric eel shoots out a bolt of lightning at you!
The bolt of electricity hits you!
* * * LOW HITPOINT WARNING * * *
The electric eel shoots out a bolt of lightning at you!
The bolt of electricity hits you!
You die...

#...# #...+ #...# #####
#...# ### ##...# #...#
##.########....###...#
#..#..≈!$;##'#........
#.#'.@.≈[;≈#.###......
#.#....P;.≈#.# #.....#
##≈#....P[≈≈#.###.....#
#)≈##..P≈.≈##≈#.......#
##≈##########≈##....>..#
#..# ..$.≈##≈##.........
#.#+ .PP≈≈;#≈#..########
#≈# ....(≈#.#..####...#
#≈# .P≈?≈≈#.#.........#


You could see 3 electric eels.

Vanquished Creatures
  2 two-headed ogres (D:10)
  The ghost of EvilAshe the Zephyrmancer, a novice TeAE of Sif Muna (D:6)
  Pikel (D:6)
  Joseph (D:7)
  A gargoyle (D:9)
  A troll (D:9)
  A hippogriff (D:7)
  A human (D:10)
  5 yaks (D:10)
  2 hogs (D:10)
  Menkaure (D:5)
  An orc warrior (D:7)
  2 ice beasts
  3 sky beasts
  A black bear (D:7)
  3 phantoms
  A necrophage (D:10)
  4 ogres
  2 centaurs
  A big kobold (D:9)
  3 bullfrogs
  2 scorpions
  5 killer bees (D:10)
  A howler monkey (D:4)
  6 crimson imps
  4 bullfrog zombies
  2 hounds
  5 orc priests
  Crazy Yiuf (D:6)
  2 bullfrog skeletons (D:5)
  4 orc wizards (D:5)
  3 centaur skeletons
  2 iguanas
  5 worker ants
  4 hound skeletons
  6 gnolls
  12 adders
  A shadow imp (D:5)
  An ooze (D:1)
  2 adder skeletons
  3 worms
  5 dart slugs
  3 leopard geckos
  15 orcs
  6 giant cockroaches
  8 goblins
  9 hobgoblins
  6 jackals
  A ball python (D:5)
  14 bats
  9 frilled lizards
  10 kobolds
  2 quokka skeletons
  5 rats
  A bush (D:6)
  2 fungi (D:6)
205 creatures vanquished.

Vanquished Creatures (others)
  4 slaves (D:6)
  A crimson imp (D:6)
  A centaur zombie (D:6)
  A worker ant (D:6)
  A killer bee zombie (D:6)
  An orc (D:6)
  A fungus (D:6)
  A plant (D:9)
11 creatures vanquished.

Grand Total: 216 creatures vanquished

Notes
Turn   | Place    | Note
-------+----------+-------------------------------------------
     0 | D:1      | kkknotok the Troll Berserker began the quest for the Orb.
     0 | D:1      | Reached XP level 1. HP: 22/22 MP: 0/0
   143 | D:1      | Reached XP level 2. HP: 29/29 MP: 1/1
   977 | D:1      | Reached XP level 3. HP: 36/36 MP: 2/2
  1059 | D:1      | Reached ** piety under Trog
  1932 | D:1      | -
  1932 | D:1      | ;
  1932 | D:1      | ;
  2023 | D:2      | Found a shattered altar of Ashenzari.
  2111 | D:2      | Reached skill level 4 in Unarmed Combat
  2111 | D:2      | Reached XP level 4. HP: 29/44 MP: 3/3
  2161 | D:2      | Found an ornate altar of the Wu Jian Council.
  2522 | D:2      | Reached XP level 5. HP: 52/52 MP: 4/4
  3117 | D:3      | Reached *** piety under Trog
  3157 | D:3      | Reached skill level 5 in Unarmed Combat
  3357 | D:3      | Reached XP level 6. HP: 31/59 MP: 5/5
  3989 | D:3      | Found a shadowy altar of Dithmenos.
  4502 | D:4      | Found a hide-covered altar of Uskayaw.
  4751 | D:4      | Reached skill level 6 in Unarmed Combat
  4888 | D:4      | Reached XP level 7. HP: 48/67 MP: 6/6
  5023 | D:4      | Reached skill level 7 in Unarmed Combat
  5080 | D:4      | Found a basalt altar of Yredelemnul.
  5346 | D:5      | Entered Level 5 of the Dungeon
  5346 | D:5      | Noticed Menkaure
  5352 | D:5      | Killed Menkaure
  5357 | D:5      | Reached skill level 8 in Unarmed Combat
  5439 | D:5      | Reached XP level 8. HP: 67/75 MP: 7/7
  5729 | D:5      | Found an iron altar of Okawaru.
  5747 | D:5      | Reached skill level 9 in Unarmed Combat
  5796 | D:5      | Reached **** piety under Trog
  6026 | D:5      | Found a shimmering altar of Xom.
  6235 | D:6      | Found a sparkling altar of Nemelex Xobeh.
  6235 | D:6      | Noticed Pikel
  6243 | D:6      | Killed Pikel
  6243 | D:6      | Reached skill level 5 in Dodging
  6243 | D:6      | Reached skill level 10 in Unarmed Combat
  6316 | D:6      | Reached XP level 9. HP: 80/83 MP: 8/8
  6376 | D:6      | Found a runed door.
  6392 | D:6      | Noticed Crazy Yiuf
  6398 | D:6      | Killed Crazy Yiuf
  6421 | D:6      | Got an encrusted mace
  6514 | D:6      | Found a hazy altar of Hepliaklqana.
  6522 | D:6      | Noticed EvilAshe's ghost (novice TeAE)
  6535 | D:6      | Killed EvilAshe's ghost
  6535 | D:6      | Reached skill level 11 in Unarmed Combat
  7010 | D:7      | Noticed Joseph
  7083 | D:7      | Killed Joseph
  7083 | D:7      | Reached skill level 12 in Unarmed Combat
  7393 | D:7      | Found a staircase to the Ecumenical Temple.
  7745 | D:7      | You fall through a shaft for 3 floors!
  7745 | D:10     | Entered Level 10 of the Dungeon
  7839 | D:10     | Noticed a two-headed ogre
  7877 | D:10     | Killed a two-headed ogre
  7877 | D:10     | Reached skill level 13 in Unarmed Combat
  7877 | D:10     | Reached XP level 10. HP: 91/91 MP: 9/9
  8149 | D:10     | Noticed a two-headed ogre
  8159 | D:10     | Killed a two-headed ogre
  8262 | D:10     | Reached ***** piety under Trog
  8268 | D:10     | Reached skill level 14 in Unarmed Combat
  8763 | D:9      | Found a blossoming altar of Fedhas.
  9149 | D:9      | Reached XP level 11. HP: 87/98 MP: 10/10
  9362 | D:9      | Killed from afar by an electric eel

Vault maps used:
D:1:      lemuel_arrival_broad_hall
D:2:      evilmike_ruin_ashenzari, lemuel_coloured_pillars_altar
D:3:      lemuel_doored_altar
D:4:      nicolae_overflow_crystal_walls, kennysheep_little_box, first_bread,
          minivault_27, kennysheep_flooded_box, sigmund_army
D:5:      okawaru_trees_1, basic_altar, hangedman_abyss_or_decor_passed,
          uniq_menkaure
D:6:      nemelex_xobeh_ov_fountains_minmay, lemuel_crystal_altar,
          uniq_crazy_yiuf_cottage, uniq_pikel
D:7:      minmay_temple_entry_glass, uniq_joseph
D:9:      cheibrodos_two_vegetables, fedhas_bush_and_centaur_altar,
          basic_loot_grate_trap
D:10:     grunt_livestock

Skill      XL: |  1  2  3  4  5  6  7  8  9 10 |
---------------+-------------------------------+-----
Dodging        | 3 4 5 6 |  6.7
Unarmed Combat | 4 5 6 8 10 13 14 | 14.5
Fighting       | 3 |  3.8

Action                   |  1- 3 |  4- 6 |  7- 9 | 10-12 || total
-------------------------+-------+-------+-------+-------++-------
Melee: Unarmed           |    78 |   141 |   234 |   134 ||   587
       Club              |    40 |       |       |       ||    40
       Punch             |     1 |     4 |    13 |    12 ||    30
Invok: Berserk           |     3 |     5 |     4 |     2 ||    14
  Use: Scroll            |       |     1 |       |       ||     1
 Stab: Confused          |       |       |     2 |       ||     2
       Sleeping          |       |       |       |     1 ||     1
  Eat: Chunk             |    12 |    32 |    30 |    15 ||    89
       Bread ration      |     2 |       |       |       ||     2
       Meat ration       |     1 |       |       |       ||     1
Armor: Animal skin       |    81 |    49 |     7 |       ||   137
       Robe              |       |       |    31 |    29 ||    60
       Skin              |       |       |     1 |       ||     1
Dodge: Dodged            |    99 |   104 |    84 |    59 ||   346
Block: Shield            |     7 |       |       |       ||     7

Table legend:
 A = Spawn XP
 B = Non-spawn XP
 C = Spawn XP percentage of total XP
 D = Spawn monster count
 E = Non-spawn monster count
 F = Spawn count percentage of total count
 G = Total turns spent on level
                    A         B        C        D         E        F      G
               +---------+---------+-------+---------+---------+-------+---------
         Total |       0 |   11572 |   0.0 |       0 |     203 |   0.0 |  9362
               +---------+---------+-------+---------+---------+-------+---------
           D:1 |       0 |      59 |   0.0 |       0 |      30 |   0.0 |  1949
           D:2 |       0 |     172 |   0.0 |       0 |      26 |   0.0 |   903
           D:3 |       0 |     157 |   0.0 |       0 |      22 |   0.0 |  1487
           D:4 |       0 |     643 |   0.0 |       0 |      21 |   0.0 |  1007
           D:5 |       0 |     994 |   0.0 |       0 |      29 |   0.0 |   870
           D:6 |       0 |    1825 |   0.0 |       0 |      13 |   0.0 |   586
           D:7 |       0 |    1490 |   0.0 |       0 |      16 |   0.0 |   943
           D:9 |       0 |    1404 |   0.0 |       0 |      20 |   0.0 |   621
          D:10 |       0 |    4828 |   0.0 |       0 |      26 |   0.0 |   996
               +---------+---------+-------+---------+---------+-------+---------
